 Dungeon Crawl Stone Soup version bcrawl-1.28.1b (webtiles) character file.

Game seed: 17119295336946485723

138839 Morbidden the Conjurer (level 3, 0/20 HPs)
             Began as a Skeleton Conjurer on Dec 15, 2020.
             Slain by an ogre
             ... wielding a +0 giant club
              (6 damage)
             ... on level 2 of the Dungeon.
             The game lasted 00:02:41 (1318 turns).

Morbidden the Conjurer (Skeleton Conjurer)          Turns: 1318, Time: 00:02:41

Health: 0/20       AC:  4    Str: 14      XL:     3   Next: 91%
Magic:  0/8        EV: 12    Int: 13 (14) God:
Gold:   41         SH:  0    Dex:  9      Spells: 3/9 levels left

rFire    . . .     SeeInvis .     - Fists (3.3)
rCold    + . .     Gourm    .   (no shield)
rNeg     + + +     Faith    .   a - +0 robe
rPois    ∞         Spirit   +   (no helmet)
rElec    .         Reflect  .   (no cloak)
rCorr    .         Harm     .   b - +1 pair of gloves
MR       .....                  (no boots)
Stlth    ++........             (no amulet)
HPRegen  0.06/turn              (no ring)
MPRegen  0.11/turn              (no ring)

@: no status effects
A: no food or potions, cold resistance 1, deterioration 1, negative energy
resistance 3, torment resistance, unbreathing, magic shield, sturdy frame 1,
spell healing
a: no special abilities


You were on level 2 of the Dungeon.
You were not hungry.

You visited 1 branch of the dungeon, and saw 2 of its levels.

You collected 41 gold pieces.

Inventory:

Armour
 a - a +0 robe (worn)
 b - a +1 pair of gloves (worn)
 f - a +0 large shield
Scrolls
 c - a scroll of enchant armour {unknown}
 d - a scroll of identify
 e - a scroll of fear {unknown}


   Skills:
 * Level 0.5 Fighting
 * Level 2.1 Dodging
 + Level 2.5 Stealth
 * Level 3.6 Spellcasting
 * Level 6.1 Conjurations


You had 3 spell levels left.
You knew the following spells:

 Your Spells              Type           Power        Failure   Level  Hunger
a - Magic Dart            Conj           ###.         1%          1    N/A
b - Searing Ray           Conj           ###.....     2%          2    N/A
c - Iskenderun's Mystic   Conj           ###.....     4%          3    N/A

Your spell library contained the following spells:

 Spells                   Type           Power        Failure   Level  Hunger
 Fulminant Prism          Conj/Hex       ##........   52%         4    N/A
 Irradiate                Conj/Tmut      ##........   86%         5    N/A

Dungeon Overview and Level Annotations

Branches:
Dungeon (2/12)

Altars:


Innate Abilities, Weirdness & Mutations

You do not eat or drink.
You are immune to poison.
Your flesh is cold resistant. (rC+)
Your body sometimes deteriorates upon taking damage.
You are immune to negative energy. (rN+++)
You are immune to unholy pain and torment.
You can survive without breathing.
When hurt, damage is shared between your health and your magic reserves.
Your movements are slightly less encumbered by armour. (ER -2)
Casting spells heals you.


Message History

Aim: an ogre, wielding a +0 giant club (severely wounded)
The magic dart hits the ogre.
The ogre is almost dead.
No path to travel!
Casting: Magic Dart (safe; 1% risk of failure)
Confirm with . or Enter, or press ? or * to list all spells.
Aiming: Magic Dart (safe; 1% risk of failure)
Press: ? - help, Shift-Dir - straight line, f/p - ogre
Aim: an ogre, wielding a +0 giant club (almost dead)
The magic dart hits the ogre.
The ogre is almost dead.
The ogre hits you with a +0 giant club!
Ouch! That really hurt!
* * * LOW HITPOINT WARNING * * *
Your body deteriorates!
You feel dopey.
No path to travel!
You hit the ogre but do no damage.
The ogre is almost dead.
The ogre hits you with a +0 giant club.
You die...

#.......# ####.##.#
######.##.#
####......##.####
#.......####..†.#
#.......#######.#
#.....).##......#
sW
#......O##.####.#
#.
#......@##.####.#
#.
#.......##.##...#
#.
#.......##.##.#.#
#.
##########.##.#.#
#. #......#
#.###### ####†###
#......##########.#
######.##.........#
#<#.#.#########


You could see an ogre.

Vanquished Creatures
  Jessica (D:1)
  An adder (D:2)
  A dart slug (D:1)
  3 leopard geckos
  5 bats (D:1)
  2 giant cockroaches (D:1)
  A goblin (D:1)
  2 hobgoblins (D:1)
  A ball python (D:1)
  3 frilled lizards
  4 kobolds
  4 rats (D:1)
28 creatures vanquished.

Notes
Turn   | Place    | Note
-------+----------+-------------------------------------------
     0 | D:1      | Morbidden the Skeleton Conjurer began the quest for the
                  | Orb.
     0 | D:1      | Reached XP level 1. HP: 10/10 MP: 4/4
    15 | D:1      | Reached skill level 5 in Conjurations
   223 | D:1      | Reached XP level 2. HP: 15/15 MP: 1/6
   235 | D:1      | Learned a level 2 spell: Searing Ray
   862 | D:2      | Noticed Jessica
   879 | D:2      | Reached XP level 3. HP: 4/19 MP: 0/7
   882 | D:1      | Killed Jessica
   883 | D:1      | Reached skill level 6 in Conjurations
  1027 | D:2      | Noticed an ogre
  1030 | D:2      | Learned a level 3 spell: Iskenderun's Mystic Blast
  1186 | D:2      | Noticed a phantom
  1318 | D:2      | Slain by an ogre

Skill      XL: |  1  2  3 |
---------------+----------+-----
Conjurations   | 5 6 |  6.1
Fighting       | |  0.5
Dodging        | |  2.1
Stealth        | |  2.5
Spellcasting   | |  3.6

Action                   || total
-------------------------++-------
Melee: Unarmed           ||    14
 Cast: Magic Dart        ||    48
       Searing Ray       ||     2
       Iskenderun's Myst ||     2
Armor: Robe              ||    10
Dodge: Dodged            ||    14
